 Dungeon Crawl Stone Soup version 0.24.0-125-gc4c63601f3 (webtiles) character file.

Game seed: 5744789822820748409, levelgen mode: deterministic

361 HawFromDerth the Chopper (level 6, -5/53 HPs)
             Began as a Hill Orc Fighter on Feb 19, 2020.
             Slain by an orc warrior
             ... wielding a +0 hand axe
              (9 damage)
             ... on level 4 of the Dungeon.
             The game lasted 00:08:34 (3342 turns).

HawFromDerth the Chopper (Hill Orc Fighter)         Turns: 3342, Time: 00:08:34

Health: -5/53      AC: 11    Str: 21    XL:     6   Next: 66%
Magic:  6/6        EV:  8    Int:  8    God:
Gold:   154        SH:  9    Dex: 10    Spells: 5/5 levels left

rFire    + . .     SeeInvis .   a - +2 war axe (flame)
rCold    + . .     Gourm    .   c - +0 shield
rNeg     . . .     Faith    .   b - +0 scale mail
rPois    +         Spirit   .   (no helmet)
rElec    +         Reflect  .   e - +2 cloak
rCorr    +         Harm     .   (no gloves)
MR       .....                  k - +0 pair of boots
Stlth    ..........             (no amulet)
HPRegen  0.17/turn              (no ring)
MPRegen  0.10/turn              (no ring)

@: resistant
A: no striking features
a: no special abilities


You were on level 4 of the Dungeon.
You were very hungry.

You visited 1 branch of the dungeon, and saw 4 of its levels.

You collected 154 gold pieces.

Inventory:

Hand Weapons
 a - a +2 war axe of flaming (weapon)
 h - a +1 hand axe of venom
Armour
 b - a +0 scale mail (worn)
 c - a +0 shield (worn)
 e - a +2 cloak (worn)
 k - a +0 pair of boots (worn)
Jewellery
 l - a +3 ring of dexterity {unknown}
 o - an uncursed ring of ice {unknown}
Wands
 p - a wand of acid (8)
Scrolls
 q - a scroll of identify {unknown}
 r - a scroll of teleportation
 s - a scroll of remove curse
Potions
 d - 2 potions of might
 j - a potion of ambrosia {unknown}
 m - 2 potions of haste
 n - a potion of flight
 t - a potion of curing {unknown}
Comestibles
 f - 8 rations


   Skills:
 + Level 4.4 Fighting
 + Level 6.3 Axes
 + Level 4.6 Armour
 + Level 1.1 Dodging
 + Level 4.3 Shields


You had 5 spell levels left.
You didn't know any spells.
Your spell library was empty.

Dungeon Overview and Level Annotations

Branches:
Dungeon (4/15)
 Temple: D:4-7

Altars:


Message History

You hit the orc warrior but do no damage.
You block the orc warrior's attack. The ogre closely misses you.
You slash the ogre! You burn the ogre.
You kill the ogre!
You hit the orc warrior but do no damage.
You block the orc warrior's attack.
You slash the orc warrior! You burn the orc warrior.
The orc warrior is severely wounded.
The orc warrior hits you with a +0 hand axe!
* * * LOW HITPOINT WARNING * * *
You block the orc warrior's attack.
You closely miss the orc warrior.
The orc warrior is severely wounded.
You block the orc warrior's attack.
It was a potion of resistance.
You feel protected. You block the orc warrior's attack.
It was a potion of magic.
Magic courses through your body.
The orc warrior hits you with a +0 hand axe!
You die...

#..########......
#.........#.#.#..
#...#...<........##
#.##...#.###.#.#.#...
#.....)........#.#.##...
####..†................#.#..##
#.#.#.#.............#.... .
#.#....<.)o)........##..###
.....#.#.#.@##..##...##..#..
........#.................#.#
#####.................#.#.#>#
#..####.....####......... #..
##...## #.#....... #.. ##.##
#.##.#.#.# #.. #.# ##.##.###.#
+#.#+ ##.........#
..###...###....#######


You could see an orc warrior.

Vanquished Creatures
  An ogre (D:4)
  An orc wizard (D:4)
  Jessica (D:2)
  Terence (D:2)
  3 gnolls (D:3)
  7 adders
  An ooze (D:2)
  A dart slug (D:1)
  2 leopard geckos
  10 orcs
  4 giant cockroaches
  14 goblins
  9 hobgoblins
  3 jackals (D:1)
  9 kobolds
  A ball python skeleton (D:4)
  7 bats
  7 frilled lizards
  7 rats
89 creatures vanquished.

Notes
Turn   | Place    | Note
-------+----------+-------------------------------------------
     0 | D:1      | HawFromDerth the Hill Orc Fighter began the quest for the
                  | Orb.
     0 | D:1      | Reached XP level 1. HP: 19/19 MP: 1/1
   228 | D:1      | Reached XP level 2. HP: 27/27 MP: 2/2
   242 | D:1      | Reached skill level 3 in Axes
   957 | D:1      | Reached XP level 3. HP: 33/33 MP: 3/3
  1104 | D:2      | Noticed Jessica
  1113 | D:2      | Killed Jessica
  1135 | D:2      | Reached skill level 4 in Axes
  1135 | D:2      | Reached XP level 4. HP: 13/40 MP: 4/4
  2027 | D:2      | Noticed Terence
  2034 | D:2      | Killed Terence
  2034 | D:2      | Reached XP level 5. HP: 46/46 MP: 5/5
  2736 | D:3      | Reached skill level 5 in Axes
  3109 | D:3      | Reached XP level 6. HP: 52/52 MP: 6/6
  3324 | D:4      | Noticed an orc warrior
  3332 | D:4      | Reached skill level 6 in Axes
  3334 | D:4      | Reached skill level 1 in Dodging
  3342 | D:4      | Slain by an orc warrior

Levels and vault maps discovered:
D:1:      dpeg_arrival_rooms_b, layout_basic, minivault_14, minmay_heptomino_h4
D:2:      layout_loops_ring, fountainhead, st_stairs_13,
          chequers_serial_rivers_small_a, uniq_terence, uniq_jessica
D:3:      minmay_door_path, layout_loops_cross, first_ration
D:4:      cheibrodos_barr_body, layout_basic, serial_shops, nicolae_shop_crystal

Skill      XL: |  1  2  3  4  5  6 |
---------------+-------------------+-----
Axes           | 3 4 5 6 |  6.3
Fighting       | 4 |  4.4
Armour         | 4 |  4.6
Shields        | 4 |  4.3
Dodging        | 1 |  1.1

Action                   |  1- 3 |  4- 6 || total
-------------------------+-------+-------++-------
Melee: War axe           |    87 |   139 ||   226
       Hand axe          |       |    37 ||    37
  Use: Scroll            |       |     7 ||     7
       Potion            |       |     6 ||     6
  Eat: Ration            |       |     2 ||     2
Armor: Scale mail        |    46 |    88 ||   134
Dodge: Dodged            |    35 |    63 ||    98
Block: Shield            |    39 |   132 ||   171
